Wolfpack vs Sound Tigers
Created - April 7, 2023 at 19:01
Goals
|
| Wolfpack |
2 |
5 |
2 |
9 |
| Sound Tigers |
0 |
2 |
0 |
2 |
|
Shots
|
| Wolfpack |
11 |
15 |
11 |
37 |
| Sound Tigers |
6 |
9 |
21 |
36 |
|
1st period
1. Wolfpack , Samuel Blais 38 (Casey Mittelstadt 31) at 9:13 (PP)
2. Wolfpack , Connor Chatam 22 (David Pope 53, Derrick Pouliot 24) at 11:56
Penalties :
Vince Dunn (Har) for Hooking (Minor) at 3:31, Joe Labate (BRI) for Roughing (Minor) at 8:20, Alexander Volkov (Har) for Slashing (Minor) at 16:17, Linus Sandin (Har) for Tripping (Minor) at 18:59
2nd period
3. Wolfpack , Colton White 1 (Seth Griffith 42, David Pope 54) at 12:22
4. Wolfpack , David Pope 38 (Seth Griffith 43, Vince Dunn 6) at 12:48
5. Wolfpack , Seth Griffith 41 (Connor Chatam 17, David Pope 55) at 13:00 (PP)
6. Sound Tigers , Taylor Aronson 2 (Borna Rendulic 35, Ryan Hartman 26) at 14:22
7. Wolfpack , Vince Dunn 3 (David Pope 56, Seth Griffith 44) at 14:34
8. Wolfpack , Casey Mittelstadt 16 (Samuel Blais 29) at 15:59
9. Sound Tigers , Pavel Kraskovsky 29 (Alexander Yelesin 5, Ben Thomson 22) at 19:45
Penalties :
Alexander Volkov (Har) for Tripping (Minor) at 7:15, Borna Rendulic (BRI) for High sticking (Minor) at 12:53, Borna Rendulic (BRI) for Slashing (Minor) at 16:02
3rd period
10. Wolfpack , Nolan Patrick 15 (Ryan Culkin 10, Dryden Hunt 18) at 6:41
11. Wolfpack , Alexander Barabanov 11 (Steven Santini 26, Dryden Hunt 19) at 13:20
Penalties :
Ross Colton (BRI) for High sticking (Minor) at 3:27, James Livingstone (BRI) for Hooking (Minor) at 10:24
Goalie Stats
Mike Condon (Har), 34 saves from 36 shots - (0.944), W, 15-5-1, 60:00 minutes
Chris Driedger (BRI), 13 saves from 17 shots - (0.765), 13:53 minutes
Pavel Francouz (BRI), 15 saves from 20 shots - (0.750), L, 24-13-2, 46:07 minutes
Players Stats for Wolfpack
Player Name G A P +/- PIM S H SB GA TA FO MP PP MP PK MP
------------------------------------------------------------------------------------
Alexander Barabanov 1 0 1 1 0 1 0 0 1 0 0/1 8:19 0:00 0:07
Alexander Volkov 0 0 0 1 4 0 4 1 0 0 0/1 9:01 0:00 0:00
Casey Mittelstadt 1 1 2 0 0 2 0 1 1 0 10/13 19:17 2:47 2:37
Colton White 1 0 1 2 0 1 1 3 0 2 0/0 15:23 0:00 5:06
Connor Chatam 1 1 2 4 0 2 0 0 1 0 1/2 18:31 3:57 0:00
David Pope 1 4 5 4 0 2 1 0 1 2 4/6 24:30 4:10 4:48
Derrick Pouliot 0 1 1 1 0 0 3 2 0 0 0/0 21:15 1:37 2:50
Dryden Hunt 0 2 2 0 0 2 4 0 1 0 0/1 14:19 0:13 0:37
Jake Marchment 0 0 0 0 0 0 0 1 0 0 0/1 0:49 0:00 0:00
Linus Sandin 0 0 0 0 2 0 0 0 0 0 0/0 9:53 0:00 0:00
Mikhail Sergachev 0 0 0 2 0 1 1 1 0 1 0/0 27:02 5:20 2:50
Nolan Patrick 1 0 1 1 0 2 0 0 0 0 3/4 11:07 0:00 0:00
Owen Tippet 0 0 0 0 0 0 2 1 0 0 0/0 14:16 2:47 0:00
Ryan Culkin 0 1 1 2 0 2 2 0 0 0 0/0 15:23 0:00 5:06
Samuel Blais 1 1 2 0 0 4 1 0 3 0 0/1 17:17 2:47 2:55
Seth Griffith 1 3 4 4 0 10 2 0 0 1 25/43 24:36 4:10 4:48
Steven Santini 0 1 1 1 0 4 0 1 0 0 0/0 17:35 1:37 0:00
Vince Dunn 1 1 2 2 2 4 2 1 1 0 0/0 23:27 5:20 0:00
Players Stats for Sound Tigers
Player Name G A P +/- PIM S H SB GA TA FO MP PP MP PK MP
------------------------------------------------------------------------------------
Alex Steeves 0 0 0 0 0 0 0 0 0 0 0/0 0:00 0:00 0:00
Alex Tuch 0 0 0 -4 0 5 1 5 0 0 2/2 25:40 4:26 4:37
Alexander Yelesin 0 1 1 0 0 0 1 2 0 0 0/0 9:29 0:00 0:00
Ben Johnson 0 0 0 0 0 0 0 0 0 0 0/0 0:33 0:00 0:31
Ben Thomson 0 1 1 1 0 1 0 0 0 0 1/1 9:54 0:00 0:53
Blake Speers 0 0 0 0 0 0 0 0 0 0 0/0 0:00 0:00 0:00
Borna Rendulic 0 1 1 -4 4 3 1 0 1 1 0/0 21:21 4:26 0:00
Brad Ross 0 0 0 0 0 0 0 0 0 0 0/0 0:00 0:00 0:00
Brandon Gignac 0 0 0 0 0 0 0 0 0 0 0/0 0:00 0:00 0:00
Casey Staum 0 0 0 0 0 0 1 0 0 0 0/0 9:29 0:00 0:00
Gabriel Carlsson 0 0 0 -3 0 0 0 1 1 5 0/0 29:22 4:05 3:58
Garret Pilon 0 0 0 0 0 0 0 0 0 0 0/0 0:00 0:00 0:00
Garret Ross 0 0 0 -1 0 4 2 1 1 0 0/1 17:34 3:30 1:27
James Livingstone 0 0 0 -1 2 3 0 1 1 0 1/2 16:09 3:30 0:22
Joe Labate 0 0 0 -1 2 2 3 0 0 1 11/19 17:33 3:30 1:27
Josh Archibald 0 0 0 -1 0 1 0 1 0 0 0/0 6:52 0:00 0:00
Miro Heiskanen 0 0 0 -2 0 0 2 3 0 1 0/0 21:09 3:51 2:59
Nick Blankenburg 0 0 0 -2 0 1 0 0 0 1 0/0 21:09 3:51 2:59
Noah Cates 0 0 0 0 0 0 0 0 0 0 0/0 0:00 0:00 0:00
Pavel Kraskovsky 1 0 1 1 0 2 1 1 0 0 1/4 8:59 0:00 0:00
Rhett Gardner 0 0 0 -1 0 2 1 0 0 0 1/2 6:52 0:00 0:00
Ross Colton 0 0 0 1 2 1 0 0 1 0 0/0 8:59 0:00 0:00
Ryan Hartman 0 1 1 -4 0 8 1 0 0 0 13/41 25:40 4:26 4:37
Taylor Aronson 1 0 1 -3 0 3 3 3 1 0 0/0 29:22 4:05 3:58
Tyrell Goulbourne 0 0 0 -1 0 0 2 1 0 0 0/1 6:52 0:00 0:00
3 Stars
1 - David Pope (Har)
2 - Seth Griffith (Har)
3 - Connor Chatam (Har)
Power Play
Wolfpack - 2 on 5 Attempt(s) - 40.00%
Sound Tigers - 0 on 4 Attempt(s) - 0.00%
Penalty Kill
Wolfpack - 4 on 4 Attempt(s) - 100.00%
- Score 0 goal in Penalty Kill
Sound Tigers - 3 on 5 Attempt(s) - 60.00%
- Score 0 goal in Penalty Kill
Team Stat
Wolfpack - Hits : 23 - Faceoff Wins : 43 - Blocked Shots : 12 - Penalty Minutes : 8
Sound Tigers - Hits : 19 - Faceoff Wins : 30 - Blocked Shots : 19 - Penalty Minutes : 10
Official
Referees : Kelly Sutherland and Ian Walsh
Linesman : Ryan Daisy and Brad Kovachik
Game Notes
Jake Marchment is injured at 3:24 of 1st period (Right Knee)
Chris Driedger enters game at 12:48 of 2nd period
Pavel Francouz enters game at 6:41 of 3rd period
Finance
Level 1 -- Attendance: 2000 (100.00%) -- Ticket Income $70,000
Level 2 -- Attendance: 947 (94.70%) -- Ticket Income $14,205
Total Attendance: 2947 (98.23%)
Total Ticket Income: $84,205
Other Income: $4,210
Total Income: $88,415
Wolfpack
5 vs 5 Forward
Center Left Wing Right Wing Time % Phy DF OF
1 Seth Griffith David Pope Connor Chatam 40 1 2 2
2 Casey Mittelstadt Samuel Blais Owen Tippet 30 1 2 2
3 Nolan Patrick Dryden Hunt Linus Sandin 20 1 2 2
4 Jake Marchment Alexander Barabanov Alexander Volkov 10 1 2 2
5 vs 5 Defense
Defense Defense Time % Phy DF OF
1 Vince Dunn Mikhail Sergachev 40 1 2 2
2 Steven Santini Derrick Pouliot 30 1 2 2
3 Ryan Culkin Colton White 20 1 2 2
4 Vince Dunn Mikhail Sergachev 10 1 2 2
PowerPlay Forward
Center Left Wing Right Wing Time % Phy DF OF
1 Seth Griffith David Pope Connor Chatam 60 1 2 2
2 Casey Mittelstadt Samuel Blais Owen Tippet 40 1 2 2
PowerPlay Defense
Defense Defense Time % Phy DF OF
1 Vince Dunn Mikhail Sergachev 60 1 2 2
2 Steven Santini Derrick Pouliot 40 1 2 2
Penalty Kill 4 Players Forward
Center Wing Time % Phy DF OF
1 Seth Griffith David Pope 60 1 2 2
2 Casey Mittelstadt Samuel Blais 40 1 2 2
Penalty Kill 4 Players Defense
Defense Defense Time % Phy DF OF
1 Colton White Ryan Culkin 60 1 2 2
2 Derrick Pouliot Mikhail Sergachev 40 1 2 2
Penalty Kill - 3 Players Forward
Forward Time % Phy DF OF
1 Seth Griffith 60 1 2 2
2 Casey Mittelstadt 40 1 2 2
Penalty Kill - 3 Players Defense
Defense Defense Time % Phy DF OF
1 Colton White Ryan Culkin 60 1 2 2
2 Derrick Pouliot Mikhail Sergachev 40 1 2 2
4 vs 4 Forward
Center Wing Time % Phy DF OF
1 Seth Griffith David Pope 60 1 2 2
2 Casey Mittelstadt Samuel Blais 40 1 2 2
4 vs 4 Defense
Defense Defense Time % Phy DF OF
1 Vince Dunn Steven Santini 60 1 2 2
2 Derrick Pouliot Mikhail Sergachev 40 1 2 2
Last Minutes Offensive
Center Left Wing Right Wing Defense Defense
Seth Griffith David Pope Samuel Blais Vince Dunn Steven Santini
Last Minutes Defensive
Center Left Wing Right Wing Defense Defense
Seth Griffith David Pope Connor Chatam Derrick Pouliot Mikhail Sergachev
Goaltenders
Starting : Mike Condon
Backup : Ivan Fedotov
Extra Forwards
Normal : Dryden Hunt, Alexander Barabanov, Casey Mittelstadt - PP : Dryden Hunt, Alexander Barabanov - PK : Dryden Hunt
Extra Defensemen
Normal : Mikhail Sergachev, Ryan Culkin, Colton White - PP : Mikhail Sergachev - PK : Mikhail Sergachev, Ryan Culkin
Penalty Shots
David Pope, Seth Griffith, Samuel Blais, Connor Chatam, Dryden Hunt
Scratches
Ryan Poehling (Healthy), Mason Shaw (Healthy), Jacob Middleton (Healthy), Joel Kiviranta (Healthy), Dylan Samberg (Healthy)
Joshua Jacobs (Healthy), Cale Fleury (Healthy), Mikhail Vorobyev (Healthy), Sebastian Collberg (Torn Left MCL Injury), Will Borgen (Healthy)
Alex Barre-Boulet (Separated Right Shoulder Injury), Andrew Peeke (Healthy), Dante Fabbro (Healthy), Jeffrey Viel (Healthy), Yegor Korshkov (Healthy)
Harru Sateri (Healthy), Jake Paterson (Healthy)
Sound Tigers
5 vs 5 Forward
Center Left Wing Right Wing Time % Phy DF OF
1 Ryan Hartman Alex Tuch Borna Rendulic 40 1 2 2
2 Joe Labate Garret Ross James Livingstone 30 1 2 2
3 Pavel Kraskovsky Ben Thomson Ross Colton 20 1 2 2
4 Rhett Gardner Tyrell Goulbourne Josh Archibald 10 1 2 2
5 vs 5 Defense
Defense Defense Time % Phy DF OF
1 Gabriel Carlsson Taylor Aronson 40 1 2 2
2 Miro Heiskanen Nick Blankenburg 30 1 2 2
3 Alexander Yelesin Casey Staum 20 1 2 2
4 Gabriel Carlsson Taylor Aronson 10 1 2 2
PowerPlay Forward
Center Left Wing Right Wing Time % Phy DF OF
1 Ryan Hartman Alex Tuch Borna Rendulic 60 1 2 2
2 Joe Labate Garret Ross James Livingstone 40 1 2 2
PowerPlay Defense
Defense Defense Time % Phy DF OF
1 Gabriel Carlsson Taylor Aronson 60 1 2 2
2 Miro Heiskanen Nick Blankenburg 40 1 2 2
Penalty Kill 4 Players Forward
Center Wing Time % Phy DF OF
1 Ryan Hartman Alex Tuch 60 1 2 2
2 Joe Labate Garret Ross 40 1 2 2
Penalty Kill 4 Players Defense
Defense Defense Time % Phy DF OF
1 Gabriel Carlsson Taylor Aronson 60 1 2 2
2 Miro Heiskanen Nick Blankenburg 40 1 2 2
Penalty Kill - 3 Players Forward
Forward Time % Phy DF OF
1 Ryan Hartman 60 1 2 2
2 Joe Labate 40 1 2 2
Penalty Kill - 3 Players Defense
Defense Defense Time % Phy DF OF
1 Gabriel Carlsson Taylor Aronson 60 1 2 2
2 Miro Heiskanen Nick Blankenburg 40 1 2 2
4 vs 4 Forward
Center Wing Time % Phy DF OF
1 Ryan Hartman Alex Tuch 60 1 2 2
2 Joe Labate Garret Ross 40 1 2 2
4 vs 4 Defense
Defense Defense Time % Phy DF OF
1 Gabriel Carlsson Taylor Aronson 60 1 2 2
2 Miro Heiskanen Nick Blankenburg 40 1 2 2
Last Minutes Offensive
Center Left Wing Right Wing Defense Defense
Ryan Hartman Alex Tuch Borna Rendulic Gabriel Carlsson Taylor Aronson
Last Minutes Defensive
Center Left Wing Right Wing Defense Defense
Ryan Hartman Alex Tuch Borna Rendulic Gabriel Carlsson Taylor Aronson
Goaltenders
Starting : Pavel Francouz
Backup : Chris Driedger
Extra Forwards
Normal : James Livingstone, Ben Thomson, Joe Labate - PP : James Livingstone, Ben Thomson - PK : James Livingstone
Extra Defensemen
Normal : Nick Blankenburg, Alexander Yelesin, Casey Staum - PP : Nick Blankenburg - PK : Nick Blankenburg, Alexander Yelesin
Penalty Shots
Alex Tuch, Ryan Hartman, Garret Ross, Borna Rendulic, James Livingstone
Scratches
Greg Pateryn (Healthy), Jakub Galvas (Right Hand Injury), Slater Koekkoek (Healthy), Stuart Skinner (Healthy), Sean Maguire (Healthy)
% Time on Ice - Wolfpack
Lines # - Real PCT - Wanted PCT - Time Play
Normal Forward
1 - 35% - 40% - 15:38
2 - 25% - 30% - 11:29
3 - 22% - 20% - 9:48
4 - 18% - 10% - 8:12
Normal Defense
1 - 39% - 40% - 17:49
2 - 37% - 30% - 16:48
3 - 23% - 20% - 10:10
4 - 1% - 10% - 0:20
PP Forward
1 - 60% - 60% - 4:10
2 - 40% - 40% - 2:47
PP Defense
1 - 77% - 60% - 5:20
2 - 23% - 40% - 1:37
PK Forward
1 - 67% - 60% - 5:19
2 - 33% - 40% - 2:37
PK Defense
1 - 64% - 60% - 5:06
2 - 36% - 40% - 2:50
PK3 Forward
1 - 0% - 60%
2 - 0% - 40%
PK3 Defense
1 - 0% - 60%
2 - 0% - 40%
44 Forward
1 - 0% - 60%
2 - 0% - 40%
44 Defense
1 - 0% - 60%
2 - 0% - 40%
Last Minute Offensive - 0:00
Last Minute Defensive - 0:00
Total
Forward - 60:00
Defense - 60:00
|
% Time on Ice - Sound Tigers
Lines # - Real PCT - Wanted PCT - Time Play
Normal Forward
1 - 37% - 40% - 16:39
2 - 28% - 30% - 12:37
3 - 20% - 20% - 8:59
4 - 15% - 10% - 6:52
Normal Defense
1 - 43% - 40% - 19:34
2 - 32% - 30% - 14:19
3 - 21% - 20% - 9:29
4 - 4% - 10% - 1:45
PP Forward
1 - 56% - 60% - 4:26
2 - 44% - 40% - 3:30
PP Defense
1 - 51% - 60% - 4:05
2 - 49% - 40% - 3:51
PK Forward
1 - 79% - 60% - 5:30
2 - 21% - 40% - 1:27
PK Defense
1 - 57% - 60% - 3:58
2 - 43% - 40% - 2:59
PK3 Forward
1 - 0% - 60%
2 - 0% - 40%
PK3 Defense
1 - 0% - 60%
2 - 0% - 40%
44 Forward
1 - 0% - 60%
2 - 0% - 40%
44 Defense
1 - 0% - 60%
2 - 0% - 40%
Last Minute Offensive - 0:00
Last Minute Defensive - 0:00
Total
Forward - 60:00
Defense - 60:00
|
Play-by-Play
1st period
0:01 of 1st period - David Pope wins face-off versus Ryan Hartman in neutral zone.
0:34 of 1st period - Gabriel Carlsson is hit by Vince Dunn and loses puck.
0:49 of 1st period - Snap shot by Vince Dunn.
0:49 of 1st period - Deflect By Dryden Hunt.
0:49 of 1st period - Stopped by Pavel Francouz with a rebound.
1:13 of 1st period - Snap shot by Vince Dunn.
1:13 of 1st period - Shot Misses the Net.
1:21 of 1st period - Snap shot by Tyrell Goulbourne.
1:21 of 1st period - Shot Hit the Post.
1:35 of 1st period - Snap shot by Seth Griffith.
1:35 of 1st period - Shot Misses the Net.
1:37 of 1st period - Wrist shot by David Pope.
1:37 of 1st period - Stopped by Pavel Francouz with a rebound.
2:03 of 1st period - James Livingstone is hit by Derrick Pouliot and loses puck.
2:18 of 1st period - Wrist shot by Ben Thomson.
2:18 of 1st period - Shot Misses the Net.
2:20 of 1st period - Slapshot by Casey Staum.
2:20 of 1st period - Shot Blocked by Steven Santini.
2:22 of 1st period - Slapshot by Alexander Yelesin.
2:22 of 1st period - Shot Misses the Net.
2:48 of 1st period - Derrick Pouliot is hit by Taylor Aronson and loses puck.
3:01 of 1st period - Backhand shot by Derrick Pouliot.
3:01 of 1st period - Deflect By Alexander Volkov.
3:01 of 1st period - Shot Misses the Net.
3:01 of 1st period - Puck is out of play.
3:02 of 1st period - Ryan Hartman wins face-off versus Jake Marchment in Sound Tigers zone.
3:02 of 1st period - Ryan Hartman is hit by Alexander Volkov.
3:20 of 1st period - Snap shot by Borna Rendulic.
3:20 of 1st period - Stopped by Mike Condon with a rebound.
3:22 of 1st period - Slapshot by Nick Blankenburg.
3:22 of 1st period - Stopped by Mike Condon with a rebound.
3:24 of 1st period - Snap shot by Ryan Hartman.
3:24 of 1st period - Deflect By Alex Tuch.
3:24 of 1st period - Shot Blocked by Jake Marchment.
3:24 of 1st period - Jake Marchment from Wolfpack is injured at 3:24 of 1st period (Right Knee).
3:25 of 1st period - Joe Labate wins face-off versus Seth Griffith in Wolfpack zone.
3:26 of 1st period - Snap shot by Garret Ross.
3:26 of 1st period - Stopped by Mike Condon without a rebound.
3:27 of 1st period - Joe Labate wins face-off versus David Pope in Wolfpack zone.
3:31 of 1st period - Minor Penalty to Vince Dunn for Hooking.
3:32 of 1st period - David Pope wins face-off versus Ryan Hartman in Wolfpack zone.
3:42 of 1st period - Seth Griffith is hit by Taylor Aronson and loses puck.
3:57 of 1st period - Colton White is hit by Taylor Aronson and loses puck.
5:31 of 1st period - Penalty to Vince Dunn is over, Vince Dunn is back on ice.
6:03 of 1st period - Tyrell Goulbourne is hit by Dryden Hunt and loses puck.
6:14 of 1st period - Ben Thomson is hit by Derrick Pouliot and loses puck.
6:25 of 1st period - Tyrell Goulbourne is hit by Alexander Volkov and loses puck.
6:45 of 1st period - Connor Chatam is hit by Joe Labate and loses puck.
7:34 of 1st period - Vince Dunn is hit by Rhett Gardner and loses puck.
7:43 of 1st period - Rhett Gardner is hit by Dryden Hunt.
7:57 of 1st period - Derrick Pouliot is hit by Pavel Kraskovsky and loses puck.
8:12 of 1st period - Slapshot by Mikhail Sergachev.
8:12 of 1st period - Shot Misses the Net.
8:20 of 1st period - Minor Penalty to Joe Labate for Roughing.
8:21 of 1st period - Seth Griffith wins face-off versus Ryan Hartman in Sound Tigers zone.
8:26 of 1st period - Slapshot by Seth Griffith.
8:26 of 1st period - Shot Blocked by Miro Heiskanen.
8:28 of 1st period - Slapshot by Seth Griffith.
8:28 of 1st period - Stopped by Pavel Francouz with a rebound.
8:30 of 1st period - Slapshot by Vince Dunn.
8:30 of 1st period - Stopped by Pavel Francouz without a rebound.
8:31 of 1st period - Seth Griffith wins face-off versus Ryan Hartman in Sound Tigers zone.
9:06 of 1st period - Ryan Hartman is hit by Vince Dunn and loses puck.
9:13 of 1st period - Snap shot by Samuel Blais.
9:13 of 1st period - Goal by Samuel Blais - Wolfpack : 1 - Sound Tigers : 0.
9:14 of 1st period - Seth Griffith wins face-off versus Joe Labate in neutral zone.
9:39 of 1st period - Casey Mittelstadt is hit by Borna Rendulic and loses puck.
9:48 of 1st period - Snap shot by Casey Mittelstadt.
9:48 of 1st period - Stopped by Pavel Francouz without a rebound.
9:49 of 1st period - Joe Labate wins face-off versus Seth Griffith in Sound Tigers zone.
10:27 of 1st period - Slapshot by Samuel Blais.
10:27 of 1st period - Shot Misses the Net.
10:45 of 1st period - Snap shot by Dryden Hunt.
10:45 of 1st period - Shot Misses the Net.
11:23 of 1st period - Snap shot by Ryan Hartman.
11:23 of 1st period - Shot Misses the Net.
11:25 of 1st period - Wrist shot by Miro Heiskanen.
11:25 of 1st period - Shot Misses the Net.
11:35 of 1st period - Ross Colton is hit by Derrick Pouliot and loses puck.
11:54 of 1st period - Wrist shot by David Pope.
11:54 of 1st period - Shot Blocked by Alexander Yelesin.
11:56 of 1st period - Slapshot by Connor Chatam.
11:56 of 1st period - Goal by Connor Chatam - Wolfpack : 2 - Sound Tigers : 0.
11:57 of 1st period - Ryan Hartman wins face-off versus Seth Griffith in neutral zone.
11:59 of 1st period - Off-side.
12:00 of 1st period - Seth Griffith wins face-off versus Ryan Hartman in neutral zone.
12:05 of 1st period - Snap shot by Seth Griffith.
12:05 of 1st period - Stopped by Pavel Francouz with a rebound.
12:07 of 1st period - Snap shot by Seth Griffith.
12:07 of 1st period - Stopped by Pavel Francouz without a rebound.
12:08 of 1st period - Ryan Hartman wins face-off versus Seth Griffith in Sound Tigers zone.
12:08 of 1st period - Ryan Hartman is hit by Seth Griffith.
12:18 of 1st period - Snap shot by Connor Chatam.
12:18 of 1st period - Shot Misses the Net.
13:15 of 1st period - David Pope is hit by Tyrell Goulbourne.
13:44 of 1st period - Ryan Hartman is hit by Owen Tippet and loses puck.
13:57 of 1st period - Slapshot by James Livingstone.
13:57 of 1st period - Deflect By Garret Ross.
13:57 of 1st period - Stopped by Mike Condon with a rebound.
13:59 of 1st period - Snap shot by James Livingstone.
13:59 of 1st period - Shot Misses the Net.
14:01 of 1st period - Slapshot by James Livingstone.
14:01 of 1st period - Stopped by Mike Condon with a rebound.
14:03 of 1st period - Wrist shot by James Livingstone.
14:03 of 1st period - Deflect By Joe Labate.
14:03 of 1st period - Shot Misses the Net.
14:03 of 1st period - Puck is out of play.
14:04 of 1st period - Seth Griffith wins face-off versus Joe Labate in Wolfpack zone.
14:19 of 1st period - Wrist shot by Connor Chatam.
14:19 of 1st period - Stopped by Pavel Francouz with a rebound.
14:38 of 1st period - Snap shot by Samuel Blais.
14:38 of 1st period - Stopped by Pavel Francouz without a rebound.
14:39 of 1st period - Seth Griffith wins face-off versus Ryan Hartman in Sound Tigers zone.
14:51 of 1st period - Icing by Derrick Pouliot.
14:52 of 1st period - Seth Griffith wins face-off versus Ryan Hartman in Wolfpack zone.
16:17 of 1st period - Minor Penalty to Alexander Volkov for Slashing.
16:18 of 1st period - Seth Griffith wins face-off versus Ryan Hartman in Wolfpack zone.
16:53 of 1st period - Wrist shot by James Livingstone.
16:53 of 1st period - Stopped by Mike Condon without a rebound.
16:54 of 1st period - Casey Mittelstadt wins face-off versus Joe Labate in Wolfpack zone.
18:17 of 1st period - Penalty to Alexander Volkov is over, Alexander Volkov is back on ice.
18:59 of 1st period - Minor Penalty to Linus Sandin for Tripping.
19:00 of 1st period - Seth Griffith wins face-off versus Ryan Hartman in Wolfpack zone.
19:15 of 1st period - Wrist shot by Ryan Hartman.
19:15 of 1st period - Shot Misses the Net.
19:44 of 1st period - Gabriel Carlsson is hit by Ryan Culkin and loses puck.
19:52 of 1st period - Icing by Taylor Aronson.
19:53 of 1st period - Ryan Hartman wins face-off versus Seth Griffith in Sound Tigers zone.
Goals for this period are 2 for Wolfpack vs 0 for Sound Tigers.
Shots for this period are 11 for Wolfpack vs 6 for Sound Tigers.
2nd period
0:01 of 2nd period - Ryan Hartman wins face-off versus Seth Griffith in neutral zone.
0:06 of 2nd period - Slapshot by Taylor Aronson.
0:06 of 2nd period - Stopped by Mike Condon without a rebound.
0:07 of 2nd period - Seth Griffith wins face-off versus Ryan Hartman in Wolfpack zone.
0:59 of 2nd period - Penalty to Linus Sandin is over, Linus Sandin is back on ice.
1:51 of 2nd period - Alex Tuch is hit by Alexander Volkov and loses puck.
2:38 of 2nd period - Snap shot by Pavel Kraskovsky.
2:38 of 2nd period - Shot Misses the Net.
2:40 of 2nd period - Wrist shot by Taylor Aronson.
2:40 of 2nd period - Shot Blocked by Mikhail Sergachev.
3:10 of 2nd period - Wrist shot by Garret Ross.
3:10 of 2nd period - Shot Misses the Net.
3:37 of 2nd period - Snap shot by Dryden Hunt.
3:37 of 2nd period - Shot Blocked by Alexander Yelesin.
3:59 of 2nd period - Wrist shot by Rhett Gardner.
3:59 of 2nd period - Stopped by Mike Condon without a rebound.
4:00 of 2nd period - Joe Labate wins face-off versus Seth Griffith in Wolfpack zone.
4:13 of 2nd period - David Pope is hit by Joe Labate and loses puck.
5:16 of 2nd period - Snap shot by Garret Ross.
5:16 of 2nd period - Shot Blocked by Alexander Volkov.
6:45 of 2nd period - David Pope is hit by Miro Heiskanen.
7:00 of 2nd period - Icing by Nick Blankenburg.
7:01 of 2nd period - Joe Labate wins face-off versus Alexander Volkov in Sound Tigers zone.
7:01 of 2nd period - Joe Labate is hit by Alexander Volkov.
7:07 of 2nd period - Mikhail Sergachev is hit by Ryan Hartman and loses puck.
7:15 of 2nd period - Minor Penalty to Alexander Volkov for Tripping.
7:16 of 2nd period - Seth Griffith wins face-off versus Ryan Hartman in Wolfpack zone.
7:20 of 2nd period - Seth Griffith is hit by Alex Tuch.
7:24 of 2nd period - Snap shot by Ryan Hartman.
7:24 of 2nd period - Stopped by Mike Condon without a rebound.
7:25 of 2nd period - Ryan Hartman wins face-off versus Seth Griffith in Wolfpack zone.
7:50 of 2nd period - Snap shot by Alex Tuch.
7:50 of 2nd period - Stopped by Mike Condon without a rebound.
7:51 of 2nd period - Seth Griffith wins face-off versus Joe Labate in Wolfpack zone.
8:06 of 2nd period - Wrist shot by Joe Labate.
8:06 of 2nd period - Deflect By Derrick Pouliot.
8:06 of 2nd period - Shot Blocked by Casey Mittelstadt.
8:06 of 2nd period - Puck is out of play.
8:07 of 2nd period - Casey Mittelstadt wins face-off versus Ryan Hartman in Wolfpack zone.
8:32 of 2nd period - Wrist shot by Seth Griffith.
8:32 of 2nd period - Stopped by Pavel Francouz without a rebound.
8:33 of 2nd period - Seth Griffith wins face-off versus Garret Ross in Sound Tigers zone.
9:15 of 2nd period - Penalty to Alexander Volkov is over, Alexander Volkov is back on ice.
10:28 of 2nd period - Alexander Yelesin is hit by Colton White and loses puck.
11:18 of 2nd period - Icing by Miro Heiskanen.
11:19 of 2nd period - Nolan Patrick wins face-off versus Tyrell Goulbourne in Sound Tigers zone.
11:49 of 2nd period - Icing by Borna Rendulic.
11:50 of 2nd period - Alex Tuch wins face-off versus Seth Griffith in Sound Tigers zone.
11:54 of 2nd period - Off-side.
11:55 of 2nd period - Joe Labate wins face-off versus Seth Griffith in neutral zone.
12:08 of 2nd period - Snap shot by Connor Chatam.
12:08 of 2nd period - Shot Blocked by Gabriel Carlsson.
12:10 of 2nd period - Slapshot by Ryan Culkin.
12:10 of 2nd period - Stopped by Pavel Francouz with a rebound.
12:12 of 2nd period - Slapshot by Ryan Culkin.
12:12 of 2nd period - Stopped by Pavel Francouz with a rebound.
12:20 of 2nd period - Wrist shot by Seth Griffith.
12:20 of 2nd period - Stopped by Pavel Francouz with a rebound.
12:22 of 2nd period - Slapshot by Colton White.
12:22 of 2nd period - Goal by Colton White - Wolfpack : 3 - Sound Tigers : 0.
12:23 of 2nd period - Ryan Hartman wins face-off versus Seth Griffith in neutral zone.
12:35 of 2nd period - Off-side.
12:36 of 2nd period - Connor Chatam wins face-off versus Ryan Hartman in neutral zone.
12:39 of 2nd period - Gabriel Carlsson is hit by David Pope and loses puck.
12:46 of 2nd period - Wrist shot by Seth Griffith.
12:46 of 2nd period - Shot Blocked by Taylor Aronson.
12:48 of 2nd period - Slapshot by David Pope.
12:48 of 2nd period - Goal by David Pope - Wolfpack : 4 - Sound Tigers : 0.
12:48 of 2nd period - Chris Driedger enters game.
12:49 of 2nd period - Seth Griffith wins face-off versus Ryan Hartman in neutral zone.
12:53 of 2nd period - Minor Penalty to Borna Rendulic for High sticking.
12:54 of 2nd period - Seth Griffith wins face-off versus Ryan Hartman in Sound Tigers zone.
12:56 of 2nd period - Snap shot by Seth Griffith.
12:56 of 2nd period - Shot Misses the Net.
12:58 of 2nd period - Snap shot by Seth Griffith.
12:58 of 2nd period - Shot Misses the Net.
13:00 of 2nd period - Snap shot by Connor Chatam.
13:00 of 2nd period - Deflect By Seth Griffith.
13:00 of 2nd period - Goal by Seth Griffith - Wolfpack : 5 - Sound Tigers : 0.
13:01 of 2nd period - Ryan Hartman wins face-off versus Seth Griffith in neutral zone.
13:16 of 2nd period - Wrist shot by Seth Griffith.
13:16 of 2nd period - Stopped by Chris Driedger without a rebound.
13:17 of 2nd period - Casey Mittelstadt wins face-off versus Joe Labate in Sound Tigers zone.
13:20 of 2nd period - Wrist shot by Samuel Blais.
13:20 of 2nd period - Shot Misses the Net.
14:22 of 2nd period - Snap shot by Taylor Aronson.
14:22 of 2nd period - Goal by Taylor Aronson - Wolfpack : 5 - Sound Tigers : 1.
14:23 of 2nd period - Seth Griffith wins face-off versus Ryan Hartman in neutral zone.
14:32 of 2nd period - Snap shot by David Pope.
14:32 of 2nd period - Shot Blocked by Alex Tuch.
14:34 of 2nd period - Slapshot by Vince Dunn.
14:34 of 2nd period - Goal by Vince Dunn - Wolfpack : 6 - Sound Tigers : 1.
14:35 of 2nd period - Seth Griffith wins face-off versus Ryan Hartman in neutral zone.
15:09 of 2nd period - Slapshot by Casey Mittelstadt.
15:09 of 2nd period - Shot Blocked by Garret Ross.
15:21 of 2nd period - Slapshot by Mikhail Sergachev.
15:21 of 2nd period - Deflect By Nolan Patrick.
15:21 of 2nd period - Stopped by Chris Driedger with a rebound.
15:23 of 2nd period - Slapshot by Vince Dunn.
15:23 of 2nd period - Stopped by Chris Driedger with a rebound.
15:25 of 2nd period - Wrist shot by Dryden Hunt.
15:25 of 2nd period - Shot Misses the Net.
15:27 of 2nd period - Slapshot by Mikhail Sergachev.
15:27 of 2nd period - Deflect By Linus Sandin.
15:27 of 2nd period - Shot Misses the Net.
15:27 of 2nd period - Puck is out of play.
15:28 of 2nd period - Seth Griffith wins face-off versus Ryan Hartman in Sound Tigers zone.
15:35 of 2nd period - Snap shot by Seth Griffith.
15:35 of 2nd period - Stopped by Chris Driedger with a rebound.
15:37 of 2nd period - Slapshot by Steven Santini.
15:37 of 2nd period - Stopped by Chris Driedger without a rebound.
15:38 of 2nd period - Seth Griffith wins face-off versus Ryan Hartman in Sound Tigers zone.
15:49 of 2nd period - Wrist shot by Seth Griffith.
15:49 of 2nd period - Stopped by Chris Driedger without a rebound.
15:50 of 2nd period - Casey Mittelstadt wins face-off versus Ryan Hartman in Sound Tigers zone.
15:59 of 2nd period - Snap shot by Casey Mittelstadt.
15:59 of 2nd period - Goal by Casey Mittelstadt - Wolfpack : 7 - Sound Tigers : 1.
16:00 of 2nd period - Ryan Hartman wins face-off versus Connor Chatam in neutral zone.
16:02 of 2nd period - Minor Penalty to Borna Rendulic for Slashing.
16:03 of 2nd period - Seth Griffith wins face-off versus Ryan Hartman in Sound Tigers zone.
16:29 of 2nd period - Alex Tuch is hit by Owen Tippet and loses puck.
17:08 of 2nd period - Slapshot by Miro Heiskanen.
17:08 of 2nd period - Deflect By James Livingstone.
17:08 of 2nd period - Shot Misses the Net.
17:08 of 2nd period - Puck is out of play.
17:09 of 2nd period - James Livingstone wins face-off versus Casey Mittelstadt in Wolfpack zone.
17:12 of 2nd period - Slapshot by James Livingstone.
17:12 of 2nd period - Shot Blocked by Owen Tippet.
17:41 of 2nd period - Miro Heiskanen is hit by Seth Griffith and loses puck.
17:52 of 2nd period - Owen Tippet is hit by Garret Ross.
18:02 of 2nd period - Penalty to Borna Rendulic is over, Borna Rendulic is back on ice.
18:10 of 2nd period - Snap shot by Nolan Patrick.
18:10 of 2nd period - Shot Misses the Net.
18:12 of 2nd period - Snap shot by Dryden Hunt.
18:12 of 2nd period - Shot Misses the Net.
18:41 of 2nd period - Icing by Taylor Aronson.
18:42 of 2nd period - Rhett Gardner wins face-off versus Alexander Barabanov in Sound Tigers zone.
18:47 of 2nd period - Slapshot by Taylor Aronson.
18:47 of 2nd period - Stopped by Mike Condon with a rebound.
18:49 of 2nd period - Wrist shot by Josh Archibald.
18:49 of 2nd period - Stopped by Mike Condon with a rebound.
19:31 of 2nd period - Snap shot by Ben Thomson.
19:31 of 2nd period - Deflect By Derrick Pouliot.
19:31 of 2nd period - Shot Blocked by Derrick Pouliot.
19:31 of 2nd period - Puck is out of play.
19:32 of 2nd period - Ben Thomson wins face-off versus Casey Mittelstadt in Wolfpack zone.
19:41 of 2nd period - Snap shot by Ben Thomson.
19:41 of 2nd period - Stopped by Mike Condon with a rebound.
19:43 of 2nd period - Slapshot by Alexander Yelesin.
19:43 of 2nd period - Shot Misses the Net.
19:45 of 2nd period - Slapshot by Pavel Kraskovsky.
19:45 of 2nd period - Goal by Pavel Kraskovsky - Wolfpack : 7 - Sound Tigers : 2.
19:46 of 2nd period - Seth Griffith wins face-off versus Ryan Hartman in neutral zone.
Goals for this period are 5 for Wolfpack vs 2 for Sound Tigers.
Shots for this period are 15 for Wolfpack vs 9 for Sound Tigers.
3rd period
0:01 of 3rd period - Ryan Hartman wins face-off versus Seth Griffith in neutral zone.
0:06 of 3rd period - Wrist shot by Ryan Hartman.
0:06 of 3rd period - Shot Blocked by Vince Dunn.
0:31 of 3rd period - Off-side.
0:32 of 3rd period - Casey Mittelstadt wins face-off versus James Livingstone in neutral zone.
1:03 of 3rd period - Snap shot by Garret Ross.
1:03 of 3rd period - Shot Blocked by Colton White.
1:05 of 3rd period - Snap shot by Joe Labate.
1:05 of 3rd period - Stopped by Mike Condon without a rebound.
1:06 of 3rd period - Ryan Hartman wins face-off versus Seth Griffith in Wolfpack zone.
1:11 of 3rd period - Wrist shot by Ryan Hartman.
1:11 of 3rd period - Shot Misses the Net.
1:40 of 3rd period - Snap shot by Ben Thomson.
1:40 of 3rd period - Shot Misses the Net.
1:42 of 3rd period - Slapshot by Taylor Aronson.
1:42 of 3rd period - Shot Misses the Net.
1:44 of 3rd period - Snap shot by Ross Colton.
1:44 of 3rd period - Stopped by Mike Condon with a rebound.
2:16 of 3rd period - Snap shot by Samuel Blais.
2:16 of 3rd period - Shot Blocked by Josh Archibald.
2:18 of 3rd period - Snap shot by Samuel Blais.
2:18 of 3rd period - Stopped by Chris Driedger with a rebound.
2:36 of 3rd period - Wrist shot by Ryan Hartman.
2:36 of 3rd period - Shot Misses the Net.
2:40 of 3rd period - Snap shot by Alex Tuch.
2:40 of 3rd period - Stopped by Mike Condon with a rebound.
2:42 of 3rd period - Snap shot by Borna Rendulic.
2:42 of 3rd period - Shot Blocked by Derrick Pouliot.
2:44 of 3rd period - Backhand shot by Ryan Hartman.
2:44 of 3rd period - Stopped by Mike Condon without a rebound.
2:45 of 3rd period - Joe Labate wins face-off versus Samuel Blais in Wolfpack zone.
3:02 of 3rd period - Owen Tippet is hit by Joe Labate and loses puck.
3:17 of 3rd period - Wrist shot by David Pope.
3:17 of 3rd period - Shot Misses the Net.
3:19 of 3rd period - Slapshot by Vince Dunn.
3:19 of 3rd period - Shot Blocked by Taylor Aronson.
3:21 of 3rd period - Wrist shot by Seth Griffith.
3:21 of 3rd period - Shot Blocked by Alex Tuch.
3:23 of 3rd period - Snap shot by Vince Dunn.
3:23 of 3rd period - Stopped by Chris Driedger without a rebound.
3:24 of 3rd period - Pavel Kraskovsky wins face-off versus Seth Griffith in Sound Tigers zone.
3:24 of 3rd period - Pavel Kraskovsky is hit by Ryan Culkin.
3:27 of 3rd period - Minor Penalty to Ross Colton for High sticking.
3:28 of 3rd period - Alex Tuch wins face-off versus Seth Griffith in Sound Tigers zone.
3:55 of 3rd period - Icing by Casey Mittelstadt.
3:56 of 3rd period - Casey Mittelstadt wins face-off versus Ryan Hartman in Wolfpack zone.
4:08 of 3rd period - Off-side.
4:09 of 3rd period - Seth Griffith wins face-off versus Ryan Hartman in neutral zone.
4:34 of 3rd period - Snap shot by Samuel Blais.
4:34 of 3rd period - Stopped by Chris Driedger without a rebound.
4:35 of 3rd period - Casey Mittelstadt wins face-off versus Joe Labate in Sound Tigers zone.
4:42 of 3rd period - Slapshot by Steven Santini.
4:42 of 3rd period - Stopped by Chris Driedger without a rebound.
4:43 of 3rd period - Seth Griffith wins face-off versus Ryan Hartman in Sound Tigers zone.
5:16 of 3rd period - Wrist shot by Casey Mittelstadt.
5:16 of 3rd period - Shot Misses the Net.
5:27 of 3rd period - Penalty to Ross Colton is over, Ross Colton is back on ice.
5:34 of 3rd period - Slapshot by Steven Santini.
5:34 of 3rd period - Stopped by Chris Driedger with a rebound.
5:36 of 3rd period - Slapshot by Steven Santini.
5:36 of 3rd period - Stopped by Chris Driedger without a rebound.
5:37 of 3rd period - Nolan Patrick wins face-off versus Pavel Kraskovsky in Sound Tigers zone.
5:38 of 3rd period - Wrist shot by Dryden Hunt.
5:38 of 3rd period - Shot Misses the Net.
5:40 of 3rd period - Slapshot by Linus Sandin.
5:40 of 3rd period - Deflect By Nolan Patrick.
5:40 of 3rd period - Shot Misses the Net.
5:40 of 3rd period - Puck is out of play.
5:41 of 3rd period - Ryan Hartman wins face-off versus Nolan Patrick in Sound Tigers zone.
5:41 of 3rd period - Ryan Hartman is hit by Dryden Hunt.
6:21 of 3rd period - Snap shot by Dryden Hunt.
6:21 of 3rd period - Shot Misses the Net.
6:23 of 3rd period - Wrist shot by Dryden Hunt.
6:23 of 3rd period - Stopped by Chris Driedger with a rebound.
6:25 of 3rd period - Snap shot by Dryden Hunt.
6:25 of 3rd period - Shot Misses the Net.
6:27 of 3rd period - Snap shot by Nolan Patrick.
6:27 of 3rd period - Shot Blocked by Alex Tuch.
6:29 of 3rd period - Slapshot by Dryden Hunt.
6:29 of 3rd period - Shot Blocked by Alex Tuch.
6:31 of 3rd period - Slapshot by Dryden Hunt.
6:31 of 3rd period - Shot Blocked by Taylor Aronson.
6:41 of 3rd period - Snap shot by Nolan Patrick.
6:41 of 3rd period - Goal by Nolan Patrick - Wolfpack : 8 - Sound Tigers : 2.
6:41 of 3rd period - Pavel Francouz enters game.
6:42 of 3rd period - Joe Labate wins face-off versus Seth Griffith in neutral zone.
6:51 of 3rd period - Slapshot by Garret Ross.
6:51 of 3rd period - Stopped by Mike Condon with a rebound.
6:53 of 3rd period - Wrist shot by James Livingstone.
6:53 of 3rd period - Stopped by Mike Condon with a rebound.
6:55 of 3rd period - Backhand shot by Garret Ross.
6:55 of 3rd period - Stopped by Mike Condon with a rebound.
6:57 of 3rd period - Snap shot by Joe Labate.
6:57 of 3rd period - Stopped by Mike Condon without a rebound.
6:58 of 3rd period - Casey Mittelstadt wins face-off versus Pavel Kraskovsky in Wolfpack zone.
7:07 of 3rd period - Snap shot by Samuel Blais.
7:07 of 3rd period - Shot Blocked by Pavel Kraskovsky.
7:25 of 3rd period - Nick Blankenburg is hit by Mikhail Sergachev and loses puck.
7:52 of 3rd period - Snap shot by Alex Tuch.
7:52 of 3rd period - Stopped by Mike Condon without a rebound.
7:53 of 3rd period - Ryan Hartman wins face-off versus Casey Mittelstadt in Wolfpack zone.
7:58 of 3rd period - Slapshot by Ryan Hartman.
7:58 of 3rd period - Stopped by Mike Condon with a rebound.
8:01 of 3rd period - Icing by Owen Tippet.
8:02 of 3rd period - Casey Mittelstadt wins face-off versus Ryan Hartman in Wolfpack zone.
8:15 of 3rd period - Snap shot by Ryan Hartman.
8:15 of 3rd period - Deflect By Borna Rendulic.
8:15 of 3rd period - Stopped by Mike Condon without a rebound.
8:16 of 3rd period - David Pope wins face-off versus Joe Labate in Wolfpack zone.
8:41 of 3rd period - Alex Tuch is hit by Samuel Blais and loses puck.
9:34 of 3rd period - Wrist shot by Alexander Barabanov.
9:34 of 3rd period - Shot Blocked by Miro Heiskanen.
10:11 of 3rd period - Wrist shot by Ryan Hartman.
10:11 of 3rd period - Stopped by Mike Condon without a rebound.
10:12 of 3rd period - Seth Griffith wins face-off versus Joe Labate in Wolfpack zone.
10:12 of 3rd period - Seth Griffith is hit by Garret Ross.
10:21 of 3rd period - Vince Dunn is hit by Alexander Yelesin and loses puck.
10:24 of 3rd period - Minor Penalty to James Livingstone for Hooking.
10:25 of 3rd period - Seth Griffith wins face-off versus Ryan Hartman in Sound Tigers zone.
10:30 of 3rd period - Slapshot by Seth Griffith.
10:30 of 3rd period - Shot Blocked by Alex Tuch.
12:24 of 3rd period - Penalty to James Livingstone is over, James Livingstone is back on ice.
12:35 of 3rd period - Snap shot by Taylor Aronson.
12:35 of 3rd period - Shot Misses the Net.
12:37 of 3rd period - Snap shot by Tyrell Goulbourne.
12:37 of 3rd period - Shot Misses the Net.
12:39 of 3rd period - Backhand shot by Gabriel Carlsson.
12:39 of 3rd period - Deflect By Rhett Gardner.
12:39 of 3rd period - Stopped by Mike Condon without a rebound.
12:40 of 3rd period - Joe Labate wins face-off versus Dryden Hunt in Wolfpack zone.
13:20 of 3rd period - Slapshot by Alexander Barabanov.
13:20 of 3rd period - Goal by Alexander Barabanov - Wolfpack : 9 - Sound Tigers : 2.
13:21 of 3rd period - David Pope wins face-off versus Ryan Hartman in neutral zone.
14:10 of 3rd period - Slapshot by Alex Tuch.
14:10 of 3rd period - Shot Misses the Net.
14:12 of 3rd period - Snap shot by Borna Rendulic.
14:12 of 3rd period - Stopped by Mike Condon with a rebound.
14:14 of 3rd period - Snap shot by Alex Tuch.
14:14 of 3rd period - Stopped by Mike Condon with a rebound.
14:18 of 3rd period - Wrist shot by Ryan Hartman.
14:18 of 3rd period - Stopped by Mike Condon without a rebound.
14:19 of 3rd period - Joe Labate wins face-off versus David Pope in Wolfpack zone.
15:22 of 3rd period - Snap shot by Seth Griffith.
15:22 of 3rd period - Stopped by Pavel Francouz without a rebound.
15:23 of 3rd period - Casey Mittelstadt wins face-off versus Pavel Kraskovsky in Sound Tigers zone.
15:38 of 3rd period - Snap shot by Pavel Kraskovsky.
15:38 of 3rd period - Stopped by Mike Condon with a rebound.
15:48 of 3rd period - Alex Tuch is hit by Dryden Hunt and loses puck.
16:17 of 3rd period - Ryan Culkin is hit by Casey Staum and loses puck.
16:42 of 3rd period - Snap shot by Borna Rendulic.
16:42 of 3rd period - Deflect By Ryan Hartman.
16:42 of 3rd period - Stopped by Mike Condon with a rebound.
16:44 of 3rd period - Wrist shot by Alex Tuch.
16:44 of 3rd period - Stopped by Mike Condon with a rebound.
16:50 of 3rd period - Snap shot by Ryan Hartman.
16:50 of 3rd period - Stopped by Mike Condon with a rebound.
16:54 of 3rd period - Slapshot by Alex Tuch.
16:54 of 3rd period - Shot Misses the Net.
16:56 of 3rd period - Wrist shot by Borna Rendulic.
16:56 of 3rd period - Shot Blocked by Colton White.
16:58 of 3rd period - Snap shot by Borna Rendulic.
16:58 of 3rd period - Shot Blocked by Colton White.
17:14 of 3rd period - Snap shot by Ryan Hartman.
17:14 of 3rd period - Stopped by Mike Condon without a rebound.
17:15 of 3rd period - Joe Labate wins face-off versus Seth Griffith in Wolfpack zone.
18:03 of 3rd period - Slapshot by Taylor Aronson.
18:03 of 3rd period - Deflect By Tyrell Goulbourne.
18:03 of 3rd period - Shot Misses the Net.
18:03 of 3rd period - Puck is out of play.
18:04 of 3rd period - Nolan Patrick wins face-off versus Rhett Gardner in Wolfpack zone.
18:04 of 3rd period - Nolan Patrick is hit by Miro Heiskanen.
18:11 of 3rd period - Vince Dunn is hit by Tyrell Goulbourne and loses puck.
18:34 of 3rd period - Slapshot by Mikhail Sergachev.
18:34 of 3rd period - Shot Misses the Net.
18:36 of 3rd period - Snap shot by Owen Tippet.
18:36 of 3rd period - Shot Blocked by James Livingstone.
18:38 of 3rd period - Snap shot by Mikhail Sergachev.
18:38 of 3rd period - Stopped by Pavel Francouz with a rebound.
18:54 of 3rd period - Slapshot by Steven Santini.
18:54 of 3rd period - Shot Blocked by Miro Heiskanen.
19:35 of 3rd period - Slapshot by Samuel Blais.
19:35 of 3rd period - Shot Blocked by Tyrell Goulbourne.
Goals for this period are 2 for Wolfpack vs 0 for Sound Tigers.
Shots for this period are 11 for Wolfpack vs 21 for Sound Tigers.